[Event "Romania GP Final-Prel 2024"]
[Site "Alba Iulia"]
[Date "2024.11.25"]
[Round "3.5"]
[White "Nedelcu, Teodor-Cosmin"]
[Black "Secheres, Adrian-Simion"]
[Result "0-1"]
[ECO "E70"]
[WhiteElo "2320"]
[BlackElo "2350"]
[Annotator "RC"]
[PlyCount "80"]
[EventDate "2024.11.22"]
[EventType "tourn"]
[EventCountry "ROU"]
[SourceTitle "playchess.com"]
[Source "ChessBase"]
[SourceQuality "1"]
[TimeControl "900+5"]

1. d4 Nf6 2. c4 g6 3. Nc3 Bg7 4. e4 d6 5. Bd3 O-O 6. Nge2 Nc6 7. O-O Nd7 8. Be3 e5 9. d5 Nd4 10. Bxd4 exd4 11. Nb5 Nc5 12. Nbxd4 Re8 13. Qc2 Qh4 14. Nf3 Qh6 15. Rae1 Bxb2 16. Ned4 Bg4 17. Re3 Bxf3 18. Qxb2 Bg4 19. Bb1 Qg7 20. Qd2 Re7 21. Rfe1 Rae8 22. f4 Bd7 23. Nf3 Bg4 24. Nd4 Bc8 25. Nf3 Bg4 26. Nd4 Bc8 27. Nb3 Nd7 28. Qa5 Nf6 29. Qxa7 Ng4 30. R3e2 b6 31. h3 Nf6 32. Qa3 Nh5 33. Qc1 f5 34. Bd3 Qh6 35. exf5 Rxe2 36. Rxe2 Rxe2 37. Bxe2 Nxf4 38. Qe3 Qg5 39. Bg4 Bxf5 40. Qg3 Ne2+ 0-1

[Event "Romania GP Final-Prel 2024"]
[Site "Alba Iulia"]
[Date "2024.11.25"]
[Round "3.6"]
[White "Cnejev, Vladimir-Alexandru"]
[Black "Ghimpu, Samuel-Timotei"]
[Result "1/2-1/2"]
[ECO "B12"]
[WhiteElo "2288"]
[BlackElo "2473"]
[Annotator "RC"]
[PlyCount "133"]
[EventDate "2024.11.22"]
[EventType "tourn"]
[EventCountry "ROU"]
[SourceTitle "playchess.com"]
[Source "ChessBase"]
[SourceQuality "1"]
[TimeControl "900+5"]

1. e4 c6 2. d4 d5 3. e5 Bf5 4. g4 Bd7 5. Nc3 e6 6. Be3 Bb4 7. h4 c5 8. dxc5 Nc6 9. Nf3 Qc7 10. Be2 h5 11. gxh5 Nge7 12. Qd2 Nf5 13. a3 Bxc3 14. Qxc3 Nxe3 15. Qxe3 Rxh5 16. Ng5 Rh6 17. f4 Ne7 18. Bd3 Rc8 19. b4 f6 20. exf6 gxf6 21. Nf3 Kf7 22. Kf2 Rg8 23. Rag1 Rhh8 24. Rxg8 Rxg8 25. h5 Rh8 26. h6 b6 27. cxb6 Qxb6 28. Qxb6 axb6 29. h7 Ng6 30. Ke3 Nf8 31. c3 Kg7 32. Rg1+ Kf7 33. Rh1 Kg7 34. Rg1+ Kf7 35. Nh4 Nxh7 36. Ng6 Rg8 37. Rh1 Nf8 38. Nxf8 Kxf8 39. Rh7 Ke8 40. Kd4 Rg4 41. Ke3 Rg3+ 42. Kd2 Rf3 43. Rh8+ Ke7 44. Rb8 Rxf4 45. Rxb6 e5 46. Bb5 Bxb5 47. Rxb5 Rf2+ 48. Ke3 Ra2 49. Rxd5 Rxa3 50. Rc5 Kd6 51. Ke4 Ra1 52. Rc8 Re1+ 53. Kd3 e4+ 54. Kd4 f5 55. Rf8 Rd1+ 56. Ke3 Rd3+ 57. Kf4 Rf3+ 58. Kg5 e3 59. c4 f4 60. Re8 Rf2 61. b5 Rc2 62. Kxf4 Rxc4+ 63. Kxe3 Rb4 64. Re4 Rxe4+ 65. Kxe4 Kc5 66. Ke5 Kxb5 67. Ke4 1/2-1/2

[Event "Romania GP Final-Prel 2024"]
[Site "Alba Iulia"]
[Date "2024.11.25"]
[Round "3.7"]
[White "Lupulescu, Constantin"]
[Black "Nisipeanu, Liviu-Dieter"]
[Result "1/2-1/2"]
[ECO "E12"]
[WhiteElo "2591"]
[BlackElo "2596"]
[Annotator "RC"]
[PlyCount "27"]
[EventDate "2024.11.22"]
[EventType "tourn"]
[EventCountry "ROU"]
[SourceTitle "playchess.com"]
[Source "ChessBase"]
[SourceQuality "1"]
[TimeControl "900+5"]

1. d4 Nf6 2. c4 e6 3. Nf3 b6 4. a3 Ba6 5. e3 d5 6. Nbd2 Be7 7. b3 O-O 8. Bb2 Nbd7 9. Be2 c5 10. O-O Rc8 11. cxd5 Bxe2 12. Qxe2 Nxd5 13. Rac1 Rc7 14. h3 1/2-1/2

[Event "Romania GP Final-Prel 2024"]
[Site "Alba Iulia"]
[Date "2024.11.25"]
[Round "3.8"]
[White "Santos Latasa, Jaime"]
[Black "Sachilaru, Alexandru"]
[Result "1-0"]
[ECO "B12"]
[WhiteElo "2630"]
[BlackElo "2305"]
[Annotator "RC"]
[PlyCount "109"]
[EventDate "2024.11.22"]
[EventType "tourn"]
[EventCountry "ROU"]
[SourceTitle "playchess.com"]
[Source "ChessBase"]
[SourceQuality "1"]
[TimeControl "900+5"]

1. e4 c6 2. d4 d5 3. e5 Bf5 4. Nf3 e6 5. c3 c5 6. Be3 Nc6 7. dxc5 Nge7 8. Na3 a6 9. Nc2 Bxc2 10. Qxc2 Ng6 11. Bd4 Qc7 12. Qa4 Be7 13. Bb5 O-O 14. Bxc6 bxc6 15. O-O f5 16. Rfe1 Nf4 17. Qc2 Nh5 18. b4 g5 19. Be3 f4 20. Bd2 Rae8 21. Nd4 Qd7 22. f3 Ng7 23. Qa4 Rc8 24. Qxa6 Nf5 25. Qd3 h5 26. Nxf5 Rxf5 27. c4 Bf8 28. cxd5 cxd5 29. Bc3 g4 30. Bd4 Qg7 31. Kh1 Rg5 32. Rac1 h4 33. fxg4 Rxg4 34. Qf3 Ra8 35. Re2 Qg5 36. b5 Rg3 37. hxg3 hxg3 38. Kg1 Ra4 39. Rd2 Qh4 40. Kf1 Rxd4 41. Rxd4 Qh1+ 42. Ke2 Qxc1 43. Qxf4 Qb2+ 44. Rd2 Qxb5+ 45. Kf3 Bxc5 46. Qg5+ Kh7 47. Kxg3 Qf1 48. Qh5+ Kg7 49. Re2 Bd4 50. Qf3 Qa1 51. Qf6+ Kh7 52. Qxe6 Qc1 53. Qf7+ Kh8 54. Qf8+ Kh7 55. Qf5+ 1-0

[Event "Romania GP Final-Prel 2024"]
[Site "Alba Iulia"]
[Date "2024.11.25"]
[Round "4.1"]
[White "Dragomirescu, Angela"]
[Black "Stanciu, Alexandru-Ovidiu"]
[Result "0-1"]
[ECO "A45"]
[WhiteElo "2060"]
[BlackElo "2337"]
[Annotator "RC"]
[PlyCount "92"]
[EventDate "2024.11.22"]
[EventType "tourn"]
[EventCountry "ROU"]
[SourceTitle "playchess.com"]
[Source "ChessBase"]
[SourceQuality "1"]
[TimeControl "900+5"]

1. d4 Nf6 2. Nc3 e6 3. Bf4 Bb4 4. Nf3 O-O 5. a3 Bxc3+ 6. bxc3 b6 7. g3 Bb7 8. Bg2 d6 9. O-O Nbd7 10. c4 Qe7 11. c3 h6 12. Re1 Rab8 13. Qc2 e5 14. Bc1 Be4 15. Qa4 Rfd8 16. Qb3 Rdc8 17. Nh4 Bh7 18. Bh3 c5 19. dxe5 Nxe5 20. Nf5 Bxf5 21. Bxf5 Rc7 22. Bf4 g6 23. Bh3 Kg7 24. Rad1 Nh5 25. Bc1 f5 26. Bg2 Rf8 27. f4 Nc6 28. e4 Na5 29. Qa2 Qf7 30. e5 dxe5 31. Bd5 Qe8 32. Rxe5 Qd8 33. Qe2 Rd7 34. Re1 Nf6 35. Re7+ Kh8 36. Qe6 Rxe7 37. Qxe7 Nxd5 38. cxd5 Qxe7 39. Rxe7 Rd8 40. Rxa7 Rxd5 41. Be3 Rd3 42. Kf2 Nc4 43. Re7 Rxc3 44. Re6 Kg7 45. Re7+ Kf6 46. Re8 Kf7 0-1

[Event "Romania GP Final-Prel 2024"]
[Site "Alba Iulia"]
[Date "2024.11.25"]
[Round "4.2"]
[White "Kozak, Adam"]
[Black "Deac, Bogdan-Daniel"]
[Result "1/2-1/2"]
[ECO "D37"]
[WhiteElo "2591"]
[BlackElo "2687"]
[Annotator "TA"]
[PlyCount "29"]
[EventDate "2024.11.22"]
[EventType "tourn"]
[EventCountry "ROU"]
[SourceTitle "playchess.com"]
[Source "ChessBase"]
[SourceQuality "1"]
[TimeControl "900+5"]

1. d4 Nf6 2. c4 e6 3. Nf3 d5 4. Nc3 Be7 5. Bf4 O-O 6. e3 Nbd7 7. a3 c5 8. cxd5 Nxd5 9. Nxd5 {[%emt 0:00:13] The position is equal.} exd5 10. dxc5 Nxc5 11. Be5 Bf6 12. Bxf6 Qxf6 13. Qd4 Qd6 {[%emt 0:00:27] [#] Hoping for ...Nb3.} 14. Rd1 Rd8 15. Be2 {[%emt 0:00:26] Not much happened in this game.   Weighted Error Value: White=0.03 (flawless) /Black=0.02 (flawless) .  OK:         	White=2     	Black=2      Best:        	White=1     	---} 1/2-1/2

[Event "Romania GP Final-Prel 2024"]
[Site "Alba Iulia"]
[Date "2024.11.25"]
[Round "4.3"]
[White "Obada, Ema"]
[Black "Kantor, Gergely"]
[Result "0-1"]
[ECO "C06"]
[WhiteElo "2060"]
[BlackElo "2554"]
[Annotator "RC"]
[PlyCount "62"]
[EventDate "2024.11.22"]
[EventType "tourn"]
[EventCountry "ROU"]
[SourceTitle "playchess.com"]
[Source "ChessBase"]
[SourceQuality "1"]
[TimeControl "900+5"]

1. e4 e6 2. d4 d5 3. Nd2 Be7 4. Ngf3 Nf6 5. e5 Nfd7 6. Bd3 c5 7. c3 Nc6 8. O-O g5 9. Nb1 h6 10. Be3 Qb6 11. b3 Nf8 12. Nbd2 Bd7 13. Rb1 cxd4 14. Bxd4 Nxd4 15. Nxd4 Rc8 16. Rc1 Ng6 17. Re1 O-O 18. h3 Kg7 19. N2f3 Rc7 20. Qd2 Rfc8 21. Qb2 Nf4 22. Bf1 f5 23. g3 Ng6 24. Kg2 h5 25. Bd3 g4 26. hxg4 hxg4 27. Nd2 Bg5 28. Re2 f4 29. Bxg6 f3+ 30. Kg1 fxe2 31. Bd3 Qxd4 0-1

[Event "Romania GP Final-Prel 2024"]
[Site "Alba Iulia"]
[Date "2024.11.25"]
[Round "4.4"]
[White "Gavrilescu, David"]
[Black "Manolache, Marius"]
[Result "1-0"]
[ECO "C02"]
[WhiteElo "2545"]
[BlackElo "2407"]
[Annotator "RC"]
[PlyCount "61"]
[EventDate "2024.11.22"]
[EventType "tourn"]
[EventCountry "ROU"]
[SourceTitle "playchess.com"]
[Source "ChessBase"]
[SourceQuality "1"]
[TimeControl "900+5"]

1. e4 e6 2. d4 d5 3. e5 c5 4. c3 Nc6 5. Nf3 Qb6 6. Be2 cxd4 7. cxd4 Bd7 8. O-O Nge7 9. Nc3 Nf5 10. Na4 Qd8 11. a3 Be7 12. Kh1 O-O 13. g4 Nh6 14. Bxh6 gxh6 15. Rg1 Kh8 16. Nc5 Bxc5 17. dxc5 Rg8 18. Qd2 Qf8 19. b4 Ne7 20. Qf4 h5 21. g5 Qg7 22. Rae1 b6 23. Qd4 Ng6 24. Bd3 bxc5 25. bxc5 Rab8 26. Rb1 Bc6 27. a4 Rbc8 28. Rg3 Rb8 29. Rgg1 Ne7 30. Rxb8 Rxb8 31. Rb1 1-0

[Event "Romania GP Final-Prel 2024"]
[Site "Alba Iulia"]
[Date "2024.11.25"]
[Round "4.5"]
[White "Nedelcu, Teodor-Cosmin"]
[Black "Cnejev, Vladimir-Alexandru"]
[Result "1-0"]
[ECO "D53"]
[WhiteElo "2320"]
[BlackElo "2288"]
[Annotator "RC"]
[PlyCount "135"]
[EventDate "2024.11.22"]
[EventType "tourn"]
[EventCountry "ROU"]
[SourceTitle "playchess.com"]
[Source "ChessBase"]
[SourceQuality "1"]
[TimeControl "900+5"]

1. d4 d5 2. c4 e6 3. Nc3 Nf6 4. Bg5 Be7 5. e3 h6 6. Bh4 O-O 7. cxd5 Nxd5 8. Bxe7 Qxe7 9. Nxd5 exd5 10. Rc1 Be6 11. Bd3 b6 12. Ne2 c5 13. O-O Nd7 14. Bb1 Nf6 15. dxc5 bxc5 16. Nf4 Rab8 17. b3 a5 18. Qd2 Rb4 19. Rfd1 Rc8 20. Qc2 g6 21. Qc3 d4 22. exd4 cxd4 23. Qd2 Rxc1 24. Rxc1 Qd6 25. Nxe6 Qxe6 26. Qxh6 Rb5 27. Bd3 Re5 28. Qd2 Kg7 29. h3 Nh5 30. Rd1 Qd6 31. Bc4 Kg8 32. Bf1 Rd5 33. Bc4 Re5 34. g4 Nf4 35. Bf1 Ne6 36. Qd3 Rd5 37. Qe4 Re5 38. Qf3 Kg7 39. Qg3 Qc5 40. Bc4 g5 41. Qd3 Nf4 42. Qxd4 Qxd4 43. Rxd4 Re1+ 44. Kh2 Ra1 45. a4 Ra2 46. Kg3 Ra1 47. Rd7 Rg1+ 48. Kf3 Nxh3 49. Rxf7+ Kg6 50. Ra7 Nf4 51. Ra6+ Kg7 52. Rxa5 Kg6 53. Ra6+ Kg7 54. Rd6 Ng6 55. Rd5 Nh4+ 56. Ke3 Rxg4 57. Be2 Rg1 58. a5 Kf6 59. a6 Nf5+ 60. Kd2 Ra1 61. b4 Ra2+ 62. Kd1 Ra1+ 63. Kd2 Ra2+ 64. Ke1 Ra1+ 65. Rd1 Ra4 66. b5 Nd4 67. Rxd4 Rxd4 68. b6 1-0

[Event "Romania GP Final-Prel 2024"]
[Site "Alba Iulia"]
[Date "2024.11.25"]
[Round "4.6"]
[White "Secheres, Adrian-Simion"]
[Black "Ghimpu, Samuel-Timotei"]
[Result "0-1"]
[ECO "E62"]
[WhiteElo "2350"]
[BlackElo "2473"]
[Annotator "RC"]
[PlyCount "106"]
[EventDate "2024.11.22"]
[EventType "tourn"]
[EventCountry "ROU"]
[SourceTitle "playchess.com"]
[Source "ChessBase"]
[SourceQuality "1"]
[TimeControl "900+5"]

1. d4 d6 2. Nf3 Nf6 3. g3 g6 4. Bg2 Bg7 5. O-O O-O 6. Re1 Bf5 7. c4 c6 8. Nc3 Ne4 9. Qb3 Nxc3 10. bxc3 Bc8 11. e4 Nd7 12. h3 Qc7 13. Bg5 Re8 14. a4 a5 15. Rab1 b6 16. Qc2 Ba6 17. Bf1 e6 18. Qd2 c5 19. Bf4 e5 20. Bh6 Nf6 21. Bxg7 Kxg7 22. Nh4 h6 23. Bd3 Bc8 24. Kh2 Bd7 25. Qd1 cxd4 26. cxd4 exd4 27. Nf3 Qc5 28. Qb3 Rab8 29. Qb2 Bxa4 30. Nxd4 Kg8 31. Re3 Nd7 32. Ne2 Ne5 33. Nf4 Bc6 34. Rd1 Nxd3 35. Rexd3 Bxe4 36. Rxd6 Qxc4 37. Rxb6 Rxb6 38. Qxb6 a4 39. Rd4 Qc1 40. Ng2 Qf1 41. Rxe4 Rxe4 42. Qb8+ Kg7 43. Qb2+ Kh7 44. Qf6 Qc4 45. h4 Qe6 46. Qf3 h5 47. Nf4 Qf5 48. Kg2 Rb4 49. Kh2 Rb3 50. Qc6 a3 51. Nh3 Rb2 52. Ng5+ Kg7 53. Qc3+ Qf6 0-1

[Event "Romania GP Final-Prel 2024"]
[Site "Alba Iulia"]
[Date "2024.11.25"]
[Round "4.7"]
[White "Lupulescu, Constantin"]
[Black "Santos Latasa, Jaime"]
[Result "1/2-1/2"]
[ECO "D38"]
[WhiteElo "2591"]
[BlackElo "2630"]
[Annotator "RC"]
[PlyCount "28"]
[EventDate "2024.11.22"]
[EventType "tourn"]
[EventCountry "ROU"]
[SourceTitle "playchess.com"]
[Source "ChessBase"]
[SourceQuality "1"]
[TimeControl "900+5"]

1. d4 Nf6 2. c4 e6 3. Nf3 d5 4. Nc3 Bb4 5. Qb3 c5 6. dxc5 Nc6 7. Bg5 Qa5 8. Bxf6 dxc4 9. Qxc4 gxf6 10. Rc1 Qxc5 11. Qh4 Ke7 12. g3 Bxc3+ 13. Rxc3 Qb4 14. Qxb4+ Nxb4 1/2-1/2

[Event "Romania GP Final-Prel 2024"]
[Site "Alba Iulia"]
[Date "2024.11.25"]
[Round "4.8"]
[White "Nisipeanu, Liviu-Dieter"]
[Black "Sachilaru, Alexandru"]
[Result "1-0"]
[ECO "B12"]
[WhiteElo "2596"]
[BlackElo "2305"]
[Annotator "RC"]
[PlyCount "67"]
[EventDate "2024.11.22"]
[EventType "tourn"]
[EventCountry "ROU"]
[SourceTitle "playchess.com"]
[Source "ChessBase"]
[SourceQuality "1"]
[TimeControl "900+5"]

1. e4 c6 2. d4 d5 3. e5 Bf5 4. h4 a6 5. Be3 c5 6. dxc5 Nc6 7. Nf3 Bg4 8. Be2 e6 9. Nbd2 Nge7 10. Nd4 Bxe2 11. Qxe2 Nxe5 12. O-O-O N7c6 13. Nxc6 Nxc6 14. Nb3 Be7 15. h5 Bf6 16. f4 a5 17. a4 Qd7 18. g4 Nb4 19. g5 Be7 20. Bd4 Qxa4 21. h6 Rg8 22. hxg7 Qc6 23. Bf6 a4 24. Nd4 Qxc5 25. Qb5+ Qxb5 26. Nxb5 Kd7 27. Rxh7 Bc5 28. Kb1 Nc6 29. c4 d4 30. Rh8 Ne7 31. Nxd4 Ng6 32. Nf5+ Kc7 33. Rxg8 Rxg8 34. Nh6 1-0

[Event "Romania GP Final-Prel 2024"]
[Site "Alba Iulia"]
[Date "2024.11.25"]
[Round "5.4"]
[White "Manolache, Marius"]
[Black "Kantor, Gergely"]
[Result "0-1"]
[ECO "E48"]
[WhiteElo "2407"]
[BlackElo "2554"]
[Annotator "RC"]
[PlyCount "37"]
[EventDate "2024.11.22"]
[EventType "tourn"]
[EventCountry "ROU"]
[SourceTitle "playchess.com"]
[Source "ChessBase"]
[SourceQuality "1"]
[TimeControl "900+5"]

1. d4 Nf6 2. c4 e6 3. Nc3 Bb4 4. e3 O-O 5. Bd3 d5 6. cxd5 exd5 7. Nge2 Re8 8. Qc2 b6 9. a3 Bf8 10. O-O c5 11. Nf4 Nc6 12. Bb5 Bb7 13. dxc5 bxc5 14. Rd1 d4 15. Nce2 Qb6 16. Bxc6 Bxc6 17. exd4 cxd4 18. Nxd4 Qxd4 19. Be3 0-1